 Dungeon Crawl Stone Soup version 0.21-a0-352-g5b8f553 (webtiles) character file.

2384 Dfrag the Conjurer (level 9, -3/57 HPs)
             Began as a Demonspawn Fire Elementalist on Oct 11, 2017.
             Was a Believer of Vehumet.
             Slain by a killer bee (8 damage)
             ... on level 8 of the Dungeon.
             The game lasted 00:11:59 (7194 turns).

Dfrag the Conjurer (Demonspawn Fire Elementalist)   Turns: 7194, Time: 00:11:59

Health: -3/57      AC:  4    Str: 16    XL:     9   Next: 22%
Magic:  0/19       EV: 12    Int: 20    God:    Vehumet [**....]
Gold:   218        SH:  0    Dex: 17    Spells: 8/21 levels left

rFire    . . .     SeeInvis .   p - +2 short sword (venom)
rCold    . . .     Gourm    .   (no shield)
rNeg     . . .     Faith    .   I - +1 robe "Ittuv Isin" {Int+2}
rPois    .         Spirit   +   (helmet restricted)
rElec    .         Reflect  .   (no cloak)
rCorr    .         Harm     .   (no gloves)
MR       .....                  z - +0 pair of boots (curse)
Stlth    ++++......             J - amulet of rage
HPRegen  0.19/turn              i - ring of stealth
MPRegen  0.32/turn              O - ring of flight

@: mighty, lethally poisoned (-3 -> -20), very slightly contaminated
A: horns 1, thin skeletal structure 1, strong 1, magic shield, magic
regeneration
a: Renounce Religion, Evoke Berserk Rage, Evoke Flight


You were on level 8 of the Dungeon.
You worshipped Vehumet.
Vehumet was pleased with you.
You were very hungry.

You visited 1 branch of the dungeon, and saw 8 of its levels.

You collected 480 gold pieces.
You spent 262 gold pieces at shops.

Inventory:

Hand Weapons
 f - a +2 dagger of freezing
 p - a +2 short sword of venom (weapon)
 s - a +2 mace of crushing
Armour
 z - a cursed +0 pair of boots (worn)
 I - the +1 robe "Ittuv Isin" (worn) {Int+2}
   (You found it on level 6 of the Dungeon)

   It affects your intelligence (+2).
Magical Staves
 L - an uncursed staff of poison
Jewellery
 i - a ring of stealth (left hand)
 J - an amulet of rage (around neck)
 O - a ring of flight (right hand)
Wands
 y - a wand of disintegration (3/24)
 E - a wand of confusion (25/48)
 G - a wand of paralysis (15/24)
Scrolls
 e - a scroll of immolation {unknown}
 h - 4 scrolls of remove curse {unknown}
 j - 3 scrolls of amnesia {unknown}
 l - 3 scrolls of random uselessness {unknown}
 m - 3 scrolls of enchant armour {unknown}
 n - a scroll of recharging {unknown}
 t - 4 scrolls of fear {unknown}
 u - a scroll of magic mapping {unknown}
 w - 5 scrolls of teleportation {unknown}
 A - a scroll of fog
 D - 7 scrolls of identify {unknown}
Potions
 d - 2 potions of mutation {unknown}
 o - a potion of flight {unknown}
 q - 2 potions of agility
 r - a potion of heal wounds {unknown}
 v - a potion of resistance {unknown}
 B - 2 potions of ambrosia {unknown}
 C - a potion of berserk rage
 F - 2 potions of brilliance {unknown}
 H - 2 potions of haste {unknown}
 K - a potion of cancellation
 N - a potion of might
Books
 a - a book of Frost

   Spells                             Type                      Level
   a - Freeze                         Ice                          1
   b - Throw Frost                    Conjuration/Ice              2
   c - Ozocubu's Armour               Charms/Ice                   3
   d - Throw Icicle                   Conjuration/Ice              4
   e - Summon Ice Beast               Ice/Summoning                4
 b - a book of Flames

   Spells                             Type                      Level
   a - Flame Tongue                   Conjuration/Fire             1
   b - Throw Flame                    Conjuration/Fire             2
   c - Conjure Flame                  Conjuration/Fire             3
   d - Inner Flame                    Hexes/Fire                   3
   e - Sticky Flame                   Conjuration/Fire             4
   f - Fireball                       Conjuration/Fire             5
 M - a book of Cantrips

   Spells                             Type                      Level
   a - Confusing Touch                Hexes                        1
   b - Animate Skeleton               Necromancy                   1
   c - Summon Small Mammal            Summoning                    1
   d - Apportation                    Translocation                1
Comestibles
 c - 4 bread rations
 g - 7 fruits
 k - 3 meat rations
 x - a royal jelly


   Skills:
 - Level 1.7 Dodging
 - Level 1.7 Stealth
 + Level 6.8 Spellcasting
 + Level 7.1 Conjurations
 + Level 7.1 Fire Magic


You had 8 spell levels left.
You knew the following spells:

 Your Spells              Type           Power        Failure   Level  Hunger
a - Flame Tongue          Conj/Fire      #####        1%          1    None
b - Conjure Flame         Conj/Fire      #####...     1%          3    #......
c - Sticky Flame          Conj/Fire      #####...     4%          4    ###....
d - Fireball              Conj/Fire      #####.....   14%         5    #####..


Dungeon Overview and Level Annotations

Branches:
Dungeon (8/15)             Temple (0/1) D:7
   Lair: D:8-11

Altars:
Ashenzari
Fedhas
Hepliaklqana
Kikubaaqudgha
Nemelex Xobeh
Okawaru
Qazlal
Ru
Vehumet
Zin

Shops:
D:4 *?(


Innate Abilities, Weirdness & Mutations

You have a pair of small horns on your head.
You have a somewhat thin skeletal structure. (Dex +2, Stealth)
When hurt, damage is shared between your health and your magic reserves.
You regenerate magic rapidly.
Your muscles are strong. (Str +2)


Message History

The killer bee is severely wounded.
You feel sick. The killer bee stings you. The killer bee closely misses you.
Unknown command.
You hit the killer bee.
The killer bee is almost dead.
You feel sick. The killer bee misses you. The killer bee stings you.
* * * LOW HITPOINT WARNING * * *
Unknown command.
You miss the killer bee.
The killer bee is almost dead.
You feel sick. The killer bee stings you!
* * * LOW HITPOINT WARNING * * *
You are more poisoned.
The killer bee poisons you! The killer bee stings you.
* * * LOW HITPOINT WARNING * * *
It was a potion of might.
You feel very mighty all of a sudden.
* * * LOW HITPOINT WARNING * * *
You feel sick. The killer bee barely misses you. The killer bee stings you!
You die...

+.........+ #
#.........# #.
#.........#
#.##.........# ##
=...........# ...
#.........
....###†........
........########
.......yy@..# #.#..
........###.# .....
#.......# #.# #....
#.......# #.######....
####....# #.#........#
# #....#
#.#.#####..###.#
#....###'#............#
#.............###..####
#............)....>....


You could see 2 killer bees.

Vanquished Creatures
  A vampire mosquito (D:7)
  The ghost of drock42 the Grave Robber, an amateur HONe of Beogh (D:3)
  An orc warrior (D:8)
  A sky beast (D:7)
  2 ice beasts
  3 ogres
  A centaur (D:7)
  A bullfrog (D:6)
  2 scorpions
  3 killer bees (D:8)
  A jelly (D:6)
  A crimson imp (D:6)
  An orc priest (D:8)
  A gnoll shaman (D:7)
  4 hounds
  4 orc wizards
  An iguana (D:7)
  13 worker ants
  2 killer bee zombies
  A hound skeleton (D:4)
  A hound zombie (D:7)
  2 worker ant zombies (D:7)
  Robin (D:4)
  10 adders
  14 gnolls
  An ooze (D:7)
  2 adder skeletons
  2 worms (D:3)
  2 dart slugs
  4 leopard geckos
  11 orcs
  6 bats
  8 giant cockroaches
  14 goblins
  6 hobgoblins
  4 jackals
  12 kobolds
  2 quokkas
  2 ball pythons
  4 frilled lizards
  11 rats
  A butterfly (D:5)
  2 fungi (D:1)
167 creatures vanquished.

Notes
Turn   | Place    | Note
-------+----------+-------------------------------------------
     0 | D:1      | Dfrag the Demonspawn Fire Elementalist began the quest for the Orb.
     0 | D:1      | Reached XP level 1. HP: 13/13 MP: 3/3
   103 | D:1      | Gained mutation: When hurt, damage is shared between your health and your magic reserves. [demonic ancestry]
   103 | D:1      | Reached XP level 2. HP: 17/19 MP: 0/5
   467 | D:1      | Reached XP level 3. HP: 20/24 MP: 2/6
  1438 | D:2      | Learned a level 3 spell: Conjure Flame
  1472 | D:2      | Gained mutation: You have a pair of small horns on your head. [demonic ancestry]
  1472 | D:2      | Reached XP level 4. HP: 28/30 MP: 3/8
  1502 | D:2      | Found a blossoming altar of Fedhas.
  1691 | D:2      | Found a sparkling altar of Nemelex Xobeh.
  1733 | D:2      | Found an iron altar of Okawaru.
  2110 | D:3      | Noticed drock42's ghost (amateur HONe)
  2133 | D:3      | Killed drock42's ghost
  2133 | D:3      | Reached XP level 5. HP: 26/35 MP: 4/10
  2400 | D:3      | Found a radiant altar of Vehumet.
  2411 | D:3      | Became a worshipper of Vehumet
  3060 | D:4      | Gained mutation: You have a somewhat thin skeletal structure. (Dex +2, Stealth) [demonic ancestry]
  3060 | D:4      | Reached XP level 6. HP: 40/41 MP: 5/11
  3066 | D:4      | Learned a level 4 spell: Sticky Flame
  3123 | D:4      | Found Gimp's Weapon Boutique.
  3200 | D:4      | Noticed Robin
  3229 | D:4      | Killed Robin
  3533 | D:4      | Found Tounoodo's Assorted Antiques.
  3541 | D:4      | Bought a smoky white potion for 22 gold pieces
  3541 | D:4      | Bought a scroll labeled JOFUWU UJAEH for 25 gold pieces
  3541 | D:4      | Bought a pair of embroidered boots for 187 gold pieces
  3585 | D:4      | Found Acyczyil's Magic Scroll Shoppe.
  3593 | D:4      | Bought a scroll of fog for 28 gold pieces
  3673 | D:4      | Found a hazy altar of Hepliaklqana.
  4080 | D:5      | Entered Level 5 of the Dungeon
  4156 | D:5      | Reached * piety under Vehumet
  4156 | D:5      | Offered knowledge of Sandblast by Vehumet.
  4203 | D:5      | Reached XP level 7. HP: 36/46 MP: 8/13
  4272 | D:5      | Found a runed door.
  4279 | D:5      | Found a runed door.
  4312 | D:5      | Reached skill level 5 in Fire Magic
  4344 | D:5      | HP: 3/69 [poisoned by a worker ant]
  4687 | D:5      | Reached skill level 5 in Conjurations
  4846 | D:5      | Found a shattered altar of Ashenzari.
  4868 | D:5      | Found a shattered altar of Ashenzari.
  4876 | D:5      | Reached skill level 5 in Spellcasting
  5143 | D:6      | Got a slimy robe
  5156 | D:6      | Identified the +1 robe "Ittuv Isin" {Int+2} (You found it on level 6 of the Dungeon)
  5179 | D:6      | Gained mutation: You regenerate magic rapidly. [demonic ancestry]
  5179 | D:6      | Reached XP level 8. HP: 48/52 MP: 0/15
  5186 | D:6      | Learned a level 5 spell: Fireball
  5392 | D:6      | Found a glowing silver altar of Zin.
  5463 | D:6      | Found a stormy altar of Qazlal.
  5632 | D:6      | Offered knowledge of Sting by Vehumet.
  5691 | D:6      | Reached ** piety under Vehumet
  6038 | D:7      | Found a staircase to the Ecumenical Temple.
  6341 | D:7      | Found a sacrificial altar of Ru.
  6393 | D:7      | Found an ancient bone altar of Kikubaaqudgha.
  6496 | D:7      | Gained mutation: Your muscles are strong. (Str +2) [mutagenic meat]
  6694 | D:7      | Reached XP level 9. HP: 17/57 MP: 6/18
  6706 | D:7      | Offered knowledge of Mephitic Cloud by Vehumet.
  7194 | D:8      | Slain by a killer bee

Vault maps used:
D:1:      dpeg_arrival_ratfight, minmay_gold_behind_fungi, serial_park_tiny_2,
          minivault_14, serial_bayou_lagoon_a
D:2:      fedhas_altar_2, okawaru_trees_2, lemuel_round_altar
D:3:      fiery_altar_vehumet, serial_aquarium, aquarium_bridge_long_separate,
          aquarium_window_fake, aquarium_window_1, aquarium_window_1,
          aquarium_view_2f, aquarium_balcony_double_3
D:4:      kennysheep_mini_moat, serial_shops, shop, nicolae_shop_trees, shop,
          uniq_robin
D:5:      lemuel_insect_pit, kennysheep_little_box, basic_altar, first_bread
D:6:      lemuel_round_altar, overflow_temple_1_default
D:7:      marbit_many_paths, lemuel_coloured_pillars_altar, temple_green,
          minmay_three_doors
D:8:      hangedman_little_slice_of_home, nicolae_qazlal_general_emergency

Skill      XL: |  1  2  3  4  5  6  7  8  9 |
---------------+----------------------------+-----
Fire Magic     | 3 4 5 6 7 |  7.1
Conjurations   | 2 3 4 5 6 7 |  7.1
Spellcasting   | 3 4 5 6 |  6.8
Dodging        | |  1.7
Stealth        | |  1.7

Action                   |  1- 3 |  4- 6 |  7- 9 || total
-------------------------+-------+-------+-------++-------
Melee: Unarmed           |     1 |       |       ||     1
       Dagger            |    42 |     1 |       ||    43
       Mace              |       |     9 |       ||     9
       Headbutt          |       |     9 |    14 ||    23
       Short sword       |       |    46 |   119 ||   165
 Cast: Flame Tongue      |    59 |    63 |    88 ||   210
       Sticky Flame      |       |     2 |    26 ||    28
       Conjure Flame     |       |       |     2 ||     2
       Fireball          |       |       |     8 ||     8
  Use: Potion            |       |     4 |     3 ||     7
 Stab: Sleeping          |       |     2 |     6 ||     8
  Eat: Chunk             |     2 |     9 |    15 ||    26
       Fruit             |       |       |     1 ||     1
Armor: Robe              |     7 |    10 |    27 ||    44
       Skin              |       |    44 |    18 ||    62
Dodge: Dodged            |    52 |    52 |    93 ||   197

Table legend:
 A = Spawn XP
 B = Non-spawn XP
 C = Spawn XP percentage of total XP
 D = Spawn monster count
 E = Non-spawn monster count
 F = Spawn count percentage of total count
 G = Total turns spent on level
                    A         B        C        D         E        F      G
               +---------+---------+-------+---------+---------+-------+---------
         Total |       0 |    3407 |   0.0 |       0 |     164 |   0.0 |  7194
               +---------+---------+-------+---------+---------+-------+---------
           D:1 |       0 |      91 |   0.0 |       0 |      33 |   0.0 |  1404
           D:2 |       0 |      74 |   0.0 |       0 |      17 |   0.0 |   607
           D:3 |       0 |     202 |   0.0 |       0 |      10 |   0.0 |  1029
           D:4 |       0 |     185 |   0.0 |       0 |      20 |   0.0 |  1058
           D:5 |       0 |     679 |   0.0 |       0 |      27 |   0.0 |   898
           D:6 |       0 |     643 |   0.0 |       0 |      17 |   0.0 |   919
           D:7 |       0 |    1011 |   0.0 |       0 |      24 |   0.0 |  1143
           D:8 |       0 |     522 |   0.0 |       0 |      16 |   0.0 |   136
               +---------+---------+-------+---------+---------+-------+---------
